AoeStats
← DRdaykhair

Arena

509948933Analyzed
2v2 RM · 3d ago on Sep 28, 2026· 55m 43s· 4 players
Game mode
Random Map
Map size
Medium (4 player)
Population
200
Speed
Normal
Resources
Standard
Victory
Conquest
Starting age
Dark Age
Ending age
Imperial Age
RankedLock teamsTeams togetherTeam positionsShared explorationLock speedFull tech treeHidden civsTurbo modeCheats
Victory
Defeat
🇬🇷 Sicilians · Greece
371
+17
🇬🇷 Persians · Greece
364
+17
🇮🇪 Britons · Ireland
447
-20
🇺🇸 Britons · United States
328
-14
To Mane
3:35 Loom
11:16 Feudal Age
12:20 Horse Collar
18:03 Town Watch
18:18 Gold Mining
21:28 Stone Mining
31:01 Castle Age
29:15 Scale Barding Armor
29:10 Scale Mail Armor
29:21 Forging
29:01 Fletching
29:11 Padded Archer Armor
35:27 Iron Casting
35:07 Chain Mail Armor
35:12 Chain Barding Armor
35:08 Leather Archer Armor
34:48 Bodkin Arrow
35:14 Bloodlines
35:05 Husbandry
35:08 Pikeman
40:50 Gold Shaft Mining
40:51 Stone Shaft Mining
42:35 Man-at-Arms
43:00 Gambesons
43:16 Squires
43:01 Arson
44:02 Long Swordsman
44:28 Gambesons
45:22 Crossbowman
45:23 Elite Skirmisher
53:57 Wheelbarrow
Dream
1:59 Loom
15:20 Feudal Age
15:51 Horse Collar
17:41 Wheelbarrow
16:56 Town Watch
18:22 Double-Bit Axe
18:33 Gold Mining
19:59 Arson
19:34 Man-at-Arms
24:41 Bloodlines
30:10 Castle Age
32:19 Heavy Plow
31:47 Pikeman
32:27 Squires
31:49 Long Swordsman
32:15 Gambesons
32:39 Husbandry
34:49 Bow Saw
37:24 Hand Cart
37:25 Scale Barding Armor
37:31 Forging
37:11 Fletching
37:22 Padded Archer Armor
37:22 Scale Mail Armor
37:27 Town Patrol
39:48 Gold Shaft Mining
39:03 Stone Mining
39:46 Parthian Tactics
39:27 Thumb Ring
39:41 Caravan
43:39 Imperial Age
41:34 Guard Tower
43:33 Cavalier
44:27 Kamandaran
44:52 Conscription
46:03 Chemistry
45:52 Savar
47:31 Ballistics
48:35 Crop Rotation
49:08 Two-Man Saw
48:46 Stone Shaft Mining
48:40 Chain Barding Armor
48:35 Chain Mail Armor
48:55 Iron Casting
55:15 Elite War Elephant
55:32 Light Cavalry
DRdaykhair
0:28 Loom
13:05 Feudal Age
15:07 Wheelbarrow
16:02 Double-Bit Axe
18:41 Town Watch
22:30 Fletching
22:41 Padded Archer Armor
25:03 Horse Collar
30:47 Scale Mail Armor
31:11 Forging
37:22 Scale Barding Armor
40:22 Castle Age
39:22 Gold Mining
39:23 Stone Mining
41:22 Hand Cart
41:08 Bodkin Arrow
41:24 Heavy Plow
42:01 Leather Archer Armor
41:12 Elite Skirmisher
42:08 Gambesons
42:24 Squires
42:01 Pikeman
44:00 Town Patrol
44:41 Bow Saw
45:02 Caravan
45:33 Coinage
44:41 Crossbowman
46:44 Guard Tower
46:36 Treadmill Crane
48:30 Murder Holes
48:46 Fortified Wall
48:47 Masonry
48:59 Ballistics
50:51 Chain Mail Armor
51:13 Iron Casting
52:54 Chain Barding Armor
52:39 Husbandry
52:03 Light Cavalry
53:48 Gold Shaft Mining
daveofempires
10:52 Feudal Age
12:10 Wheelbarrow
11:23 Double-Bit Axe
11:21 Horse Collar
17:51 Gold Mining
21:24 Castle Age
19:11 Man-at-Arms
22:22 Hand Cart
22:22 Bow Saw
22:16 Heavy Plow
23:15 Gold Shaft Mining
26:48 Pikeman
26:49 Long Swordsman
27:30 Squires
26:58 Crossbowman
30:49 Gambesons
30:50 Arson
31:50 Squires
31:36 Arson
32:20 Padded Archer Armor
32:11 Fletching
35:24 Ballistics
36:32 Leather Archer Armor
36:15 Bodkin Arrow
41:49 Scale Mail Armor
42:00 Forging
46:34 Imperial Age
45:33 Long Swordsman
46:34 Elite Skirmisher
48:20 Town Watch
48:21 Loom
49:00 Cavalier
49:41 Husbandry
51:43 Pikeman
52:23 Squires
52:06 Capped Ram
Connection lost

Rejoining the realm…

Still unreachable

The connection could not be restored.

Session expired

The server has moved on; the page needs a fresh start.